 Dungeon Crawl Stone Soup version 0.28-a0-664-gc179e30c89 (webtiles) character file.

Game seed: 16254936563662875282

599761 kipponium the Middleweight Champion (level 26, 0/237 HPs)
             Began as a Demonspawn Brigand on Oct 15, 2021.
             Was the Champion of Nemelex Xobeh.
             Killed from afar by an orb of fire (33 damage)
             ... with a fireball
             ... on level 4 of the Realm of Zot.
             The game lasted 05:02:47 (63412 turns).

kipponium the Middleweight Champion (DsBr)         Turns: 63412, Time: 05:02:47

Health: 0/237      AC: 45    Str: 15      XL:     26   Next: 45%
Magic:  16/35      EV:  4    Int: 13 (14) God:    Nemelex Xobeh [******]
Gold:   5076       SH:  0    Dex:  9 (12) Spells: 25/25 levels left

rFire   + + .      SeeInvis +     - Unarmed
rCold   + . .      Faith    .   (no shield)
rNeg    + + +      Spirit   .   k - +11 gold dragon scales
rPois   +          Reflect  .   P - +2 hat {Will+}
rElec   +          Harm     .   E - +0 cloak of the Stallion {rElec rF+ rN+++ Dex-5}
rCorr   .          Rampage  .   (gloves unavailable)
Will    +++..                   B - +2 pair of boots
Stlth   ..........              r - amulet of regeneration
HPRegen 0.00/turn               o - ring of see invisible
MPRegen 0.24/turn               T - ring "Suowoexes" {rElec rN+ Will+ Str-3 Slay+4}

@: sanguine armoured, inhibited regen, hasted, studying 4 skills, very quick
A: claws 3, foul stench 3, powered by death 3, augmentation 2, sanguine armour
3, deformed body, deterioration 2, low mp 1, inhibited regeneration, weak 1,
subdued magic 1, devolution 1
}: 3/15 runes: barnacled, silver, gossamer
a: Renounce Religion, Draw Escape, Draw Destruction, Draw Summoning, Triple
Draw, Deal Four, Stack Five


You were on level 4 of the Realm of Zot.
You worshipped Nemelex Xobeh.
Nemelex Xobeh was exalted by your worship.
You visited 10 branches of the dungeon, and saw 49 of its levels.
You visited the Abyss 1 time.
You visited 1 bazaar.
You also visited: Trove, Sewer, Gauntlet and Ice Cave.

You collected 9941 gold pieces.
You spent 4865 gold pieces at shops.

Inventory:

Missiles
 d - 107 poisoned darts
 D - 12 datura-tipped darts
 G - 15 javelins
 L - 20 atropa-tipped darts
 U - 18 curare-tipped darts
 V - 20 silver javelins (quivered)
Armour
 c - the +5 plate armour of Context {rC+ Will+}
   (You found it on level 2 of the Shoals)

   rC:        It protects you from cold.
   Will:      It increases your willpower.
 k - +11 gold dragon scales (worn)
 B - a +2 pair of boots (worn)
 E - the +0 cloak of the Stallion (worn) {rElec rF+ rN+++ Dex-5}
   (You found it on level 4 of the Realm of Zot)

   Dex:       It affects your dexterity (-5).
   rF:        It protects you from fire.
   rElec:     It insulates you from electricity.
   rN:        It renders you almost immune to negative energy.
 N - a scarf of shadows
 P - a +2 hat of willpower (worn)
Jewellery
 o - a ring of see invisible (left claw)
 r - an amulet of regeneration (around neck)
 v - the ring of the Endless Expanse {rElec rF+ rC+ Dex+6 Slay-5}
   (You bought it in a shop on level 6 of the Dungeon)

   [ring of dexterity]

   Dex:       It affects your dexterity (+6).
   Slay:      It affects your accuracy & damage with ranged weapons and melee
   (-5).
   rF:        It protects you from fire.
   rC:        It protects you from cold.
   rElec:     It insulates you from electricity.
 w - the ring of Kindness {rC+ rN+ Int+6}
   (You found it in a Gauntlet)

   [ring of protection from cold]

   Int:       It affects your intelligence (+6).
   rC:        It protects you from cold.
   rN:        It protects you from negative energy.
 y - the amulet "Yghofit" {RegenMP rC+ Will+}
   (You took it off a deep elf death mage on level 3 of the Elven Halls)

   [amulet of magic regeneration]

   It increases your rate of magic regeneration.
   rC:        It protects you from cold.
   Will:      It increases your willpower.
 F - a +6 ring of strength
 H - the ring "Ceuj" {Fly rC+}
   (You took it off a balrug on level 4 of the Realm of Zot)

   [ring of flight]

   rC:        It protects you from cold.
   Fly:       It grants you flight.
 R - the ring "Ymmel" {rPois EV+4}
   (You found it in an ice cave)

   [ring of evasion]

   EV:        It affects your evasion (+4).
   rPois:     It protects you from poison.
 T - the ring "Suowoexes" (right claw) {rElec rN+ Will+ Str-3 Slay+4}
   (You bought it in a shop on level 3 of the Depths)

   [ring of slaying]

   Str:       It affects your strength (-3).
   Slay:      It affects your accuracy & damage with ranged weapons and melee
   (+4).
   rElec:     It insulates you from electricity.
   rN:        It protects you from negative energy.
   Will:      It increases your willpower.
 Y - a ring of flight
Wands
 e - a wand of iceblast (42)
 g - a wand of paralysis (29)
 l - a wand of charming (31)
 z - a wand of acid (40)
 I - a wand of digging (10)
 K - a wand of mindburst (44)
Scrolls
 f - 7 scrolls of immolation
 p - 9 scrolls of fear
 u - 2 scrolls of fog
 C - 16 scrolls of teleportation
 J - 3 scrolls of silence
 W - 3 scrolls of summoning
 Z - 4 scrolls of magic mapping
Potions
 b - 9 potions of might
 i - 5 potions of resistance
 j - 8 potions of attraction
 m - 7 potions of magic
 q - 17 potions of curing
 s - 3 potions of cancellation
 t - 2 potions of invisibility
 x - 8 potions of heal wounds
 A - 7 potions of haste
 Q - 2 potions of berserk rage
Miscellaneous
 a - a tin of tremorstones (2/2)
 n - a lightning rod (4/4)
 M - a condenser vane
 X - a phantom mirror


   Skills:
 + Level 25.7 Fighting
 - Level 2.5 Short Blades
 - Level 10.0 Throwing
 + Level 15.9 Armour
 - Level 10.0 Dodging
 - Level 3.6 Stealth
 O Level 27 Unarmed Combat
 * Level 25.7 Invocations
 - Level 10.0 Evocations


You had 25 spell levels left.
You didn't know any spells.
Your spell library contained the following spells:

 Spells                   Type           Power      Damage    Failure   Level
 Animate Skeleton         Necr           0%         N/A       100%        1
 Apportation              Tloc           0%         N/A       100%        1
 Beastly Appendage        Tmut           0%         N/A       100%        1
 Foxfire                  Conj/Fire      0%         2x1d4     100%        1
 Freeze                   Ice            0%         1d3       100%        1
 Magic Dart               Conj           0%         1d3       100%        1
 Pain                     Necr           0%         1d4       100%        1
 Sandblast                Erth           0%         2d4       100%        1
 Shock                    Conj/Air       0%         1d3       100%        1
 Sting                    Tmut/Pois      0%         1d3       100%        1
 Blink                    Tloc           N/A        N/A       100%        2
 Call Imp                 Summ           0%         N/A       100%        2
 Ensorcelled Hibernation  Hex/Ice        0%         N/A       100%        2
 Passwall                 Tmut/Erth      0%         N/A       100%        2
 Poisonous Vapours        Pois/Air       0%         N/A       100%        2
 Searing Ray              Conj           0%         2d4       100%        2
 Slow                     Hex            0%         N/A       100%        2
 Static Discharge         Conj/Air       0%         N/A       100%        2
 Wereblood                Tmut           0%         N/A       100%        2
 Confusing Touch          Hex            0%         N/A       100%        3
 Conjure Flame            Conj/Fire      0%         6-21      100%        3
 Dazzling Flash           Conj/Hex       0%         N/A       100%        3
 Frozen Ramparts          Ice            0%         1d2       100%        3
 Gell's Gravitas          Tloc           0%         N/A       100%        3
 Ignite Poison            Fire/Tmut/Pois 0%         N/A       100%        3
 Inner Flame              Hex/Fire       0%         N/A       100%        3
 Mephitic Cloud           Conj/Pois/Air  0%         N/A       100%        3
 Portal Projectile        Hex/Tloc       0%         N/A       100%        3
 Spider Form              Tmut/Pois      0%         N/A       100%        3
 Stone Arrow              Conj/Erth      0%         3d7       100%        3
 Summon Guardian Golem    Hex/Summ       0%         N/A       100%        3
 Swiftness                Air            0%         N/A       100%        3
 Teleport Other           Tloc           0%         N/A       100%        3
 Tukima's Dance           Hex            0%         N/A       100%        3
 Vampiric Draining        Necr           0%         2d6       100%        3
 Airstrike                Air            0%         N/A       100%        4
 Animate Armour           Summ/Erth      0%         N/A       100%        4
 Animate Dead             Necr           0%         N/A       100%        4
 Cause Fear               Hex            0%         N/A       100%        4
 Flame Wave               Conj/Fire      0%         3d3       100%        4
 Fulminant Prism          Conj/Hex       0%         3d6       100%        4
 Hailstorm                Conj/Ice       0%         3d3       100%        4
 Iskenderun's Mystic Bla  Conj/Tloc      0%         2d3       100%        4
 Olgreb's Toxic Radiance  Pois           0%         N/A       100%        4
 Passage of Golubria      Tloc           N/A        N/A       100%        4
 Summon Ice Beast         Ice/Summ       0%         N/A       100%        4
 Summon Lightning Spire   Summ/Air       0%         N/A       100%        4
 Agony                    Necr           0%         N/A       100%        5
 Alistair's Intoxication  Tmut/Pois      0%         N/A       100%        5
 Blade Hands              Tmut           0%         N/A       100%        5
 Borgnjor's Vile Clutch   Necr/Erth      0%         N/A       100%        5
 Excruciating Wounds      Necr           0%         N/A       100%        5
 Fireball                 Conj/Fire      0%         3d3       100%        5
 Freezing Cloud           Conj/Ice/Air   0%         6-21      100%        5
 Lee's Rapid Deconstruct  Erth           0%         3d5*      100%        5
 Lightning Bolt           Conj/Air       0%         1d11      100%        5
 Manifold Assault         Tloc           0%         N/A       100%        5
 Metabolic Englaciation   Hex/Ice        0%         N/A       100%        5
 Silence                  Hex/Air        0%         N/A       100%        5
 Summon Forest            Summ/Tloc      0%         N/A       100%        5
 Summon Mana Viper        Hex/Summ       0%         N/A       100%        5
 Yara's Violent Unravell  Hex/Tmut       0%         3d3       100%        5
 Death Channel            Necr           0%         N/A       100%        6
 Dispersal                Tloc           0%         N/A       100%        6
 Eringya's Noxious Bog    Tmut/Pois      0%         N/A       100%        6
 Invisibility             Hex            0%         N/A       100%        6
 Starburst                Conj/Fire      0%         6d3       100%        6
 Statue Form              Tmut/Erth      0%         N/A       100%        6
 Summon Cactus Giant      Summ           0%         N/A       100%        6
 Dragon Form              Tmut           0%         N/A       100%        7
 Haunt                    Necr/Summ      0%         N/A       100%        7
 Monstrous Menagerie      Summ           0%         N/A       100%        7
 Orb of Destruction       Conj           0%         N/A       100%        7
 Spellforged Servitor     Conj/Summ      0%         N/A       100%        7
 Storm Form               Tmut/Air       0%         N/A       100%        7
 Summon Hydra             Summ           0%         N/A       100%        7
 Discord                  Hex            0%         N/A       100%        8
 Ignition                 Fire           0%         3d3       100%        8
 Infestation              Necr           0%         N/A       100%        8
 Lehudib's Crystal Spear  Conj/Erth      0%         10d2      100%        8
 Maxwell's Capacitive Co  Air            0%         ∞         100%        8
 Chain Lightning          Conj/Air       0%         N/A       100%        9
 Death's Door             Necr           0%         N/A       100%        9
 Dragon's Call            Summ           0%         N/A       100%        9
 Fire Storm               Conj/Fire      0%         5d1       100%        9
 Shatter                  Erth           0%         3d5*      100%        9


Dungeon Overview and Level Annotations

Branches:
Dungeon (15/15)            Temple (1/1) D:4            Lair (6/6) D:10
 Shoals (4/4) Lair:3       Spider (4/4) Lair:2        Slime (0/5) Lair:5
    Orc (2/2) D:12            Elf (3/3) Orc:2        Vaults (5/5) D:14
  Crypt (0/3) Vaults:3     Depths (4/4) D:15            Zot (5/5) Depths:4
  Sewer (visited)           IceCv (visited)         Gauntlet (visited)

Altars:
Cheibriados
Hepliaklqana
Kikubaaqudgha
Makhleb
Nemelex Xobeh
Okawaru
Qazlal
Sif Muna
Vehumet
Wu Jian
Zin
The Shining One
Beogh
Jiyva
Lugonu

Shops:
D:6 =   D:15 ***   Orc:2 ?[?:   Elf:1 [   Shoals:1 **([   Vaults:5 [
Depths:3 ==:   Depths:4 (

Portals:
Hell: Depths:1 Depths:2 Depths:3 Depths:4
Abyss: Depths:3
Pandemonium: Depths:1 Depths:2
Ziggurat: Depths:3

Annotations:
D:13 exclusion: door
Zot:1 2 transporters, exclusion: orange crystal statue, Zuol's ghost, legendary DsDe; yegreS's ghost, adept MiFi
Zot:5 3 runed translucent doors, Teosch's ghost, legendary DrCj


Innate Abilities, Weirdness & Mutations

You have claws for hands.
You frequently emit foul miasma when damaged in melee.
You regenerate a lot of health from kills.
Your magical and physical power is enhanced at high health.
When seriously injured, your bleeding wounds create very thick armour. (AC +12)
Armour fits poorly on your strangely shaped body.
Your body often deteriorates upon taking damage.
Your magical capacity is low. (-10% MP)
You do not regenerate when monsters are visible.
You are weak. (Str -2)
Your spells are a little easier to cast, but a little less powerful.
You have hidden genetic defects.


Message History

The fireball engulfs the orb of fire.
The orb of fire completely resists.
The fireball engulfs your +2 trident!!
Your +2 trident resists.
Your +2 trident is destroyed!
Your +2 trident disappears in a puff of smoke!
You closely miss the orb of fire.
The orb of fire is heavily damaged.
You mangle the orb of fire!!
The orb of fire is severely damaged.
You mangle the orb of fire!!
The orb of fire is almost destroyed.
You eviscerate the orb of fire!!!
You destroy the orb of fire!
You scratch the orb of fire but do no damage.
You eviscerate the orb of fire!!!
The orb of fire is moderately damaged.
You claw the orb of fire! Your claw misses the orb of fire.
The orb of fire is moderately damaged.
You eviscerate the orb of fire!!!
The orb of fire is severely damaged.
You mangle the orb of fire!!
The orb of fire is almost destroyed.
You scratch the orb of fire but do no damage.
The orb of fire is almost destroyed.
You barely miss the orb of fire. You claw the orb of fire.
The orb of fire is almost destroyed.
You completely miss the orb of fire.
The orb of fire is almost destroyed.
The orb of fire emits a lurid red light.
The fireball explodes!
The fireball engulfs you! You resist.
* * * LOW HITPOINT WARNING * * *
The fireball engulfs the orb of fire.
The orb of fire completely resists.
You miss the orb of fire.
The orb of fire is almost destroyed.
You barely miss the orb of fire.
The orb of fire is almost destroyed.
The orb of fire glows red.
The fireball explodes!
The fireball engulfs you!! You resist.
You die...
Your body glows slightly and disappears.

#.# #.........### ##.#
#...........# .#.#
#...........# .#.#
#...........# .#.#
#...###..#### ### .#.#
#...# #..## #.# ##.#
#...# #.(.# ######.#
...# #...#
##..###......#
.#######...#
#*@..#.####.#
.'.....'...#######.#.#
#.# .#######......#
#.#.# #.# .# #......#
#.#.# #.# ## #......#
#.#.# #.# #......#
#.#.# #.# #......#
#.#.####.# #.....[#
#........#
#.....)######.######


You could see an orb of fire.

Vanquished Creatures
  3 dread liches (Vaults:5)
  4 ancient liches
  3 orbs of fire (Zot:4)
  Mennas (Vaults:3)
  2 juggernauts
  A Killer Klown (Zot:2)
  2 curse toes
  Saint Roka (Vaults:3)
  2 caustic shrikes
  5 golden dragons
  A bone dragon (Depths:2)
  3 electric golems
  A hellephant (Zot:2)
  The ghost of Ofamn the Eclecticist, an adept DjVM of Makhleb (Vaults:1)
  22 tentacled monstrosities
  Rupert (Orc:2)
  4 liches
  Asterion (Depths:1)
  6 quicksilver dragons
  3 deep elf blademasters
  2 deep elf master archers (Elf:3)
  3 acid blobs
  7 Orb Guardians (Zot:5)
  6 titans
  A tentacled starspawn (Depths:3)
  An ancient champion (Vaults:3)
  Agnes (Spider:2)
  9 sphinxes
  10 storm dragons
  6 death cobs
  10 tengu reavers
  21 shadow dragons
  3 draconian monks
  A fenstrider witch (Shoals:3)
  2 draconian knights
  A revenant (Vaults:3)
  8 rockslimes (Depths:1)
  3 azure jellies
  8 frost giants
  9 fire giants
  3 orc warlords
  17 vault wardens
  5 ghost moths
  6 draconian scorchers
  5 iron dragons
  6 deep elf sorcerers
  Ilsuiw (Shoals:2)
  3 balrugs
  4 spectral caustic shrikes (Depths:3)
  4 emperor scorpions
  7 draconian shifters
  A reaper (Depths:1)
  5 draconian annihilators
  25 ironbound preservers
  A spriggan defender (Depths:1)
  4 deep elf elementalists (Elf:3)
  3 vampire knights (Depths:2)
  2 war gargoyles
  42 very ugly things
  20 stone giants
  A quicksilver ooze (IceCv)
  14 black draconians
  14 green draconians
  6 deep elf demonologists
  35 dire elephants
  4 spark wasps
  11 white draconians
  A minotaur (Zot:4)
  3 entropy weavers
  8 purple draconians
  7 deep elf annihilators
  An entropy weaver (shapeshifter) (Vaults:5)
  17 red draconians
  13 yellow draconians
  An eidolon (Vaults:3)
  A spark wasp (shapeshifter) (Vaults:5)
  A bunyip (Vaults:4)
  9 deep elf death magi
  Snorg (D:11)
  2 crystal guardians
  6 merfolk javelineers
  18 fire dragons
  An ettin (shapeshifter) (Vaults:5)
  7 deep elf high priests
  A merfolk impaler (Shoals:4)
  14 ettins
  Josephine (Spider:1)
  A blizzard demon (Abyss:2)
  A great orb of eyes (shapeshifter) (Vaults:5)
  11 great orbs of eyes
  Harold (D:7)
  3 jiangshi (Depths:1)
  11 yaktaur captains
  A hell beast (Depths:2)
  4 ironbound thunderhulks
  4 rakshasas
  33 vault guards
  4 catoblepae
  A quicksilver dragon skeleton (Vaults:4)
  4 boulder beetles
  14 ice dragons
  2 peacekeepers
  4 ogre magi
  11 hydras
  2 death knights
  A spriggan air mage (Depths:2)
  An alligator snapping turtle (Shoals:3)
  9 two-headed ogres
  10 ironbound frosthearts
  A satyr (Shoals:4)
  A merfolk aquamancer (Shoals:4)
  A merfolk avatar (Shoals:4)
  8 death yaks
  12 centaur warriors
  3 deep troll earth magi
  The ghost of bmj180 the Thaumaturge, a novice DrCj of Vehumet (D:9)
  25 dancing weapons
  An alligator (Zot:2)
  6 tengu warriors
  2 deep troll shamans
  A hell hog (Depths:2)
  2 orc high priests
  3 vampire magi
  A thrashing horror (Depths:3)
  A storm dragon zombie (Depths:2)
  A titan zombie (Depths:2)
  A soul eater (Depths:2)
  4 spriggan berserkers
  6 hell knights (Depths:3)
  2 storm dragon skeletons
  A wretched star (Depths:3)
  14 deep elf knights
  A sixfirhy (Depths:1)
  2 shadow wraiths
  A golden dragon zombie (Depths:1)
  5 iron trolls
  A death drake (Lair:6)
  9 sea snakes
  2 glowing orange brains
  A skeletal warrior (Depths:2)
  A quicksilver dragon simulacrum (Depths:2)
  A kraken simulacrum (Shoals:2)
  7 lindwurms
  79 deep trolls
  4 phantasmal warriors (Vaults:5)
  13 ironbound convokers
  An orange crystal statue (D:9)
  13 wizards
  10 deep elf archers
  2 swamp dragons
  Pikel (D:5)
  A tengu zombie (Vaults:2)
  29 deep elf zephyrmancers
  27 deep elf pyromancers
  15 orb spiders
  17 harpies
  6 orc knights
  9 necromancers
  50 ugly things
  A mana viper (Lair:6)
  A fire giant zombie (Depths:1)
  16 manticores
  11 orc sorcerers
  25 wolf spiders
  A wolf spider (shapeshifter) (Abyss:2)
  6 fauns
  9 cyclopes
  A shining eye (Vaults:4)
  A centaur zombie (D:11)
  An iron dragon skeleton (Depths:2)
  A faun (shapeshifter) (Depths:2)
  A spriggan zombie (Depths:2)
  9 merfolk sirens
  A shining eye (shapeshifter) (Vaults:3)
  16 elephants
  28 moths of wrath
  A rust devil (Depths:1)
  An eye of devastation (D:15)
  4 guardian serpents
  2 ice statues (IceCv)
  2 frost giant skeletons
  A cane toad (shapeshifter) (Spider:1)
  7 water nymphs
  10 black mambas
  A smoke demon (Depths:3)
  A fire giant skeleton (Depths:2)
  3 apocalypse crabs
  3 molten gargoyles (Lair:6)
  A spriggan skeleton (Depths:1)
  18 vault sentinels
  An orange demon (Abyss:2)
  A torpor snail (Spider:3)
  3 gargoyles
  A hellion (Abyss:2)
  11 cane toads
  2 freezing wraiths (Vaults:5)
  3 kobold demonologists (D:10)
  A yaktaur zombie (Vaults:2)
  An efreet (D:14)
  10 komodo dragons
  2 tormentors (Abyss:2)
  8 yaktaurs
  A hellwing (Depths:1)
  Maggie (D:7)
  2 entropy weaver simulacra (IceCv)
  A yaktaur skeleton (Vaults:4)
  An ice devil (Depths:1)
  A yaktaur (shapeshifter) (Elf:1)
  7 demonic crawlers
  5 tengu conjurers
  An ancient zyme (Abyss:2)
  2 red devils (Depths:1)
  2 burning bushes (Lair:3)
  A wolf spider simulacrum (D:9)
  35 jumping spiders
  A queen bee (Lair:1)
  7 hornets
  8 wind drakes
  41 slime creatures
  24 merfolk
  5 trolls
  A raiju (Spider:3)
  A tyrant leech (Vaults:4)
  22 blink frogs
  A dream sheep (Vaults:4)
  A hornet (shapeshifter) (Depths:3)
  11 snapping turtles
  A human skeleton (Vaults:4)
  3 centaur simulacra
  A frost giant simulacrum (Vaults:2)
  3 air elementals
  7 shadows
  17 water elementals
  83 redbacks
  32 tarantellas
  7 wraiths
  3 vampires
  4 alligator snapping turtle simulacra (Shoals:2)
  8 wyverns
  3 fire bats (Lair:4)
  Grum (D:10)
  45 yaks
  3 fire elementals
  8 basilisks
  A chaos spawn (Depths:1)
  4 steam dragons
  A golden eye (Lair:6)
  A death yak simulacrum (Shoals:2)
  3 sea snake simulacra (Shoals:2)
  16 vampire mosquitoes
  An elf skeleton (Vaults:2)
  A human simulacrum (Vaults:2)
  8 wargs
  Menkaure (D:7)
  3 demonic crawler simulacra (IceCv)
  3 acid dragons
  13 water moccasins
  4 floating eyes
  4 hell hounds (Lair:6)
  24 orc warriors
  2 ugly thing simulacra (IceCv)
  An ice beast (D:8)
  2 sky beasts (D:6)
  A black bear (D:10)
  A necrophage (D:5)
  3 satyr simulacra (Shoals:2)
  A large abomination (Abyss:2)
  7 centaurs
  12 ogres
  5 boggarts (Vaults:1)
  16 wolves
  A centaur (shapeshifter) (Vaults:5)
  A phantom (D:5)
  9 kobold brigands
  10 bullfrogs
  A scorpion (Lair:6)
  2 merfolk simulacra (Shoals:2)
  2 faun simulacra (Shoals:2)
  6 glowing shapeshifter simulacra (IceCv)
  6 earth elementals
  2 elephant simulacra (Lair:4)
  37 killer bees
  A manticore simulacrum (Shoals:2)
  A snapping turtle simulacrum (Shoals:2)
  4 howler monkeys
  4 electric eels
  10 lava snakes
  7 starcursed masses (Depths:3)
  9 jellies
  7 orc priests
  Crazy Yiuf (D:7)
  A hound (D:5)
  2 centaur skeletons
  An iguana (D:4)
  3 cyclops simulacra (Shoals:2)
  32 orc wizards
  A polar bear simulacrum (Lair:4)
  A wolf simulacrum (Lair:4)
  A killer bee zombie (D:7)
  Robin (D:2)
  A howler monkey skeleton (D:7)
  4 gnolls (D:3)
  2 river rats (Sewer)
  10 adders
  2 shadow imps
  A white imp (D:5)
  4 worms
  2 dart slugs
  68 orcs
  9 bats
  8 endoplasms
  4 giant cockroaches
  8 hobgoblins
  3 jackals (D:2)
  20 kobolds
  8 quokkas
  7 ball pythons
  2 frilled lizards
  21 goblins
  14 rats
  A butterfly (Lair:1)
  A fire vortex (Lair:4)
  2 plants
  A tentacle (Shoals:2)
2226 creatures vanquished.

Vanquished Creatures (collateral kills)
  Frederick (Vaults:4)
  Frances (D:14)
  A vault warden (Vaults:3)
  An emperor scorpion (Spider:4)
  2 very ugly things
  A deep elf demonologist (Elf:3)
  A yellow draconian (Zot:1)
  A minotaur (Gauntlet)
  A dire elephant (Vaults:4)
  A deep elf death mage (Elf:3)
  A yaktaur captain (Vaults:4)
  A merfolk impaler (Shoals:3)
  3 boulder beetles
  2 ironbound frosthearts
  2 merfolk aquamancers (Shoals:4)
  2 dancing weapons (Elf:2)
  A thrashing horror (Depths:3)
  A deep troll (Depths:1)
  A wizard (Vaults:2)
  A large abomination (Depths:3)
  3 orb spiders
  A necromancer (Vaults:3)
  An orc sorcerer (Vaults:3)
  2 wolf spiders (Spider:4)
  3 ugly things
  A vault sentinel (Vaults:4)
  A storm dragon simulacrum (D:15)
  2 yaktaurs (Vaults:3)
  A wolf spider simulacrum (D:15)
  A troll (Vaults:3)
  3 jumping spiders (Spider:4)
  2 merfolk
  A slime creature (Spider:4)
  2 tarantellas
  An air elemental (Elf:2)
  8 redbacks
  A steam dragon (D:15)
  3 orc warriors (Vaults:3)
  An ugly thing simulacrum (IceCv)
  4 orcs
  An endoplasm (D:15)
  A hobgoblin (D:15)
  A frilled lizard (D:15)
71 creatures vanquished.

Vanquished Creatures (others)
  A draconian knight (Zot:4)
  A fire giant (Depths:3)
  A merfolk aquamancer (Shoals:4)
  A deep elf knight (Elf:1)
  A moth of wrath (Zot:2)
  A jumping spider (Spider:1)
  A redback (Spider:1)
  An orc warrior (Vaults:3)
  An orc (Elf:1)
  10 demonic plants (D:10)
  35 fungi
  A lurking horror (Abyss:2)
  108 plants
  2 starspawn tentacles (Depths:3)
  4 tentacles (Shoals:2)
  21 withered plants
190 creatures vanquished.

Grand Total: 2487 creatures vanquished

Notes
Turn   | Place    | Note
-------+----------+-------------------------------------------
     0 | D:1      | kipponium the Demonspawn Brigand began the quest for the
                  | Orb.
     0 | D:1      | Reached XP level 1. HP: 16/16 MP: 1/1
   340 | D:1      | Gained mutation: You have sharp fingernails. [demonic
                  | ancestry]
   340 | D:1      | Reached XP level 2. HP: 17/22 MP: 2/2
  1112 | D:1      | Reached skill level 1 in Unarmed Combat
  1553 | D:2      | Gained mutation: When seriously injured, your bleeding
                  | wounds create armour. (AC +12) [demonic ancestry]
  1553 | D:2      | Reached XP level 3. HP: 27/27 MP: 3/3
  1816 | D:2      | Reached skill level 2 in Unarmed Combat
  2346 | D:2      | Noticed Robin
  2378 | D:2      | Reached XP level 4. HP: 17/33 MP: 4/4
  2379 | D:2      | Killed Robin
  2702 | D:2      | Reached skill level 3 in Unarmed Combat
  2748 | D:3      | Found a faded altar of an unknown god.
  3279 | D:3      | Gained mutation: You regenerate a little health from kills.
                  | [demonic ancestry]
  3279 | D:3      | Reached XP level 5. HP: 34/38 MP: 5/5
  3537 | D:4      | Found a snail-covered altar of Cheibriados.
  3637 | D:4      | Reached skill level 4 in Unarmed Combat
  3879 | D:4      | Found a glowing drain.
  3901 | Sewer    | Entered a sewer
  3937 | Sewer    | Reached skill level 5 in Unarmed Combat
  3937 | Sewer    | Gained mutation: You regenerate health from kills. [demonic
                  | ancestry]
  3937 | Sewer    | Reached XP level 6. HP: 28/44 MP: 6/6
  4543 | Sewer    | Reached skill level 6 in Unarmed Combat
  4597 | Sewer    | Reached XP level 7. HP: 42/50 MP: 7/7
  4798 | Sewer    | Reached skill level 7 in Unarmed Combat
  4991 | D:4      | Found a staircase to the Ecumenical Temple.
  5016 | Temple   | Entered the Ecumenical Temple
  5030 | Temple   | Became a worshipper of Nemelex Xobeh the Trickster
  5213 | D:5      | Entered Level 5 of the Dungeon
  5472 | D:5      | Reached skill level 8 in Unarmed Combat
  5506 | D:5      | Noticed Pikel
  5528 | D:5      | Paralysed by Pikel for 5 turns
  5543 | D:5      | Killed Pikel
  5544 | D:5      | Reached skill level 9 in Unarmed Combat
  5544 | D:5      | Gained mutation: You may rarely emit foul miasma when
                  | damaged in melee. [demonic ancestry]
  5544 | D:5      | Reached XP level 8. HP: 56/56 MP: 8/8
  5775 | D:5      | Reached * piety under Nemelex Xobeh
  5863 | D:5      | Received a gift from Nemelex Xobeh
  6049 | D:6      | Reached skill level 10 in Unarmed Combat
  6141 | D:6      | Found Zumakit's Jewellery Boutique.
  6157 | D:6      | Reached XP level 9. HP: 61/61 MP: 9/9
  6617 | D:6      | Reached skill level 11 in Unarmed Combat
  6717 | D:7      | Noticed Harold
  6790 | D:7      | Noticed Menkaure
  6799 | D:7      | Killed Menkaure
  6848 | D:7      | Noticed Maggie
  6862 | D:7      | Killed Maggie
  6924 | D:7      | Found a runed translucent door.
  6925 | D:7      | Noticed Crazy Yiuf
  7002 | D:7      | Reached ** piety under Nemelex Xobeh
  7053 | D:7      | Killed Harold
  7054 | D:7      | Reached skill level 12 in Unarmed Combat
  7443 | D:7      | Noticed a two-headed ogre
  7443 | D:7      | Noticed a gargoyle
  7444 | D:7      | Noticed a death knight
  7622 | D:7      | Noticed a two-headed ogre
  7628 | D:7      | Noticed a white ugly thing
  7782 | D:8      | Gained mutation: When seriously injured, your bleeding
                  | wounds create thick armour. (AC +12) [demonic ancestry]
  7782 | D:8      | Reached XP level 10. HP: 39/67 MP: 10/10
  7788 | D:8      | Reached skill level 13 in Unarmed Combat
  7988 | D:8      | Identified a scroll of acquirement
  7989 | D:8      | Acquired 834 gold pieces
  8249 | D:8      | Identified the +3 leather armour of Refuge {Dex+5 Slay+2}
  8357 | D:8      | Reached *** piety under Nemelex Xobeh
  8611 | D:9      | Found a runed translucent gate.
  8611 | D:9      | Found a runed translucent gate.
  8614 | D:9      | Found a runed translucent gate.
  8619 | D:9      | Noticed bmj180's ghost (novice DrCj)
  8658 | D:9      | Received a gift from Nemelex Xobeh
  8670 | D:9      | Noticed an orange crystal statue
  8772 | D:9      | Reached skill level 14 in Unarmed Combat
  9261 | D:10     | Entered Level 10 of the Dungeon
  9276 | D:10     | Found a portal to a secret trove of treasure.
  9419 | D:10     | Reached skill level 15 in Unarmed Combat
  9501 | D:10     | Found a staircase to the Lair.
  9515 | D:10     | You fall into a shaft and drop 3 floors!
  9526 | D:13     | Received a gift from Nemelex Xobeh
  9535 | D:12     | Noticed a cyclops
  9690 | D:11     | Reached XP level 11. HP: 72/72 MP: 11/11
  9797 | D:11     | Noticed a harpy
  9797 | D:11     | a komodo dragon changed into a harpy
  9805 | D:11     | Killed a harpy
  9884 | D:11     | Noticed Snorg
  9917 | D:12     | Found a staircase to the Orcish Mines.
  9970 | D:12     | Found a gate leading to a gauntlet.
  9978 | Gauntlet | Entered a Gauntlet
  9978 | Gauntlet | Found a transporter.
  9978 | Gauntlet | Reached **** piety under Nemelex Xobeh
  9992 | Gauntlet | Found a transporter.
 10002 | Gauntlet | Found a transporter.
 10004 | Gauntlet | Found a large runed translucent door.
 10004 | Gauntlet | Found a large runed translucent door.
 10005 | Gauntlet | Found a large runed translucent door.
 10005 | Gauntlet | Found a large runed translucent door.
 10005 | Gauntlet | Noticed a cacodemon
 10006 | Gauntlet | Found a large runed translucent door.
 10006 | Gauntlet | Found a large runed translucent door.
 10006 | Gauntlet | Found a runed translucent door.
 10006 | Gauntlet | Found a runed translucent door.
 10006 | Gauntlet | Found a large runed translucent door.
 10007 | Gauntlet | Found a transporter.
 10022 | Gauntlet | Found a transporter.
 10037 | Gauntlet | Found a large runed translucent door.
 10038 | Gauntlet | Found a large runed translucent door.
 10038 | Gauntlet | Noticed an eight-headed hydra
 10039 | Gauntlet | Found a large runed translucent door.
 10039 | Gauntlet | Found a large runed translucent door.
 10040 | Gauntlet | Found a runed translucent gate.
 10041 | Gauntlet | Found a transporter.
 10041 | Gauntlet | Found a runed translucent gate.
 10042 | Gauntlet | Found a runed translucent gate.
 10045 | Gauntlet | Found a large runed translucent door.
 10045 | Gauntlet | Found a large runed translucent door.
 10046 | Gauntlet | Found a large runed translucent door.
 10047 | Gauntlet | Found a large runed translucent door.
 10055 | Gauntlet | Found a transporter.
 10055 | Gauntlet | Noticed a death yak
 10056 | Gauntlet | Found a large runed translucent door.
 10057 | Gauntlet | Noticed a death yak
 10060 | Gauntlet | Found a transporter.
 10060 | Gauntlet | Noticed a death yak
 10061 | Gauntlet | Noticed a death yak
 10074 | Gauntlet | Noticed a wretched star
 10078 | Gauntlet | Found a transporter.
 10083 | Gauntlet | Found a transporter.
 10098 | Gauntlet | Found a transporter.
 10102 | Gauntlet | Noticed a fire crab
 10120 | Gauntlet | Found a transporter.
 10125 | Gauntlet | Found a transporter.
 10125 | Gauntlet | Found a transporter.
 10166 | Gauntlet | Found a transporter.
 10195 | Gauntlet | Found a transporter.
 10197 | Gauntlet | Found a transporter.
 10224 | Gauntlet | Noticed a deep troll
 10227 | Gauntlet | Found a transporter.
 10237 | Gauntlet | a deep troll changed into a dream sheep
 10238 | Gauntlet | Noticed a mana viper
 10238 | Gauntlet | a dream sheep changed into a mana viper
 10242 | Gauntlet | a mana viper changed into a dream sheep
 10425 | Gauntlet | Reached skill level 1 in Invocations
 10455 | Gauntlet | Identified the +8 spear of the Shining Light {vorpal,
                  | Stlth+}
 10515 | Gauntlet | Identified the ring of Kindness {rC+ rN+ Int+6}
 10543 | Gauntlet | Noticed a minotaur
 10547 | Gauntlet | Identified the +4 rapier of Utafiupi {pain, Fragile rF+
                  | Str+8}
 10561 | Gauntlet | Killed a minotaur
 10562 | Gauntlet | Reached skill level 16 in Unarmed Combat
 10596 | Gauntlet | Got Istryre's Collected Works on Beguiling
 10712 | D:10     | Found a corrupted altar of Lugonu.
 10807 | D:10     | Noticed Grum
 10901 | D:11     | HP: 2/72 [Snorg (11)]
 10907 | D:11     | Killed Snorg
 10967 | D:11     | Found a stormy altar of Qazlal.
 11293 | D:10     | Received a gift from Nemelex Xobeh
 11338 | D:10     | Killed Grum
 11359 | D:10     | Reached skill level 17 in Unarmed Combat
 11748 | D:10     | You paid a toll of 4 scrolls of blinking to enter a
                  | treasure trove
 11749 | Trove    | Entered a treasure trove
 11837 | Trove    | Gained mutation: When seriously injured, your bleeding
                  | wounds create very thick armour. (AC +12) [demonic
                  | ancestry]
 11837 | Trove    | Reached XP level 12. HP: 78/78 MP: 14/19
 12009 | D:12     | Reached XP level 13. HP: 82/83 MP: 20/20
 12013 | D:12     | Reached ***** piety under Nemelex Xobeh
 12373 | D:12     | Reached skill level 10 in Invocations
 12413 | D:12     | Received a gift from Nemelex Xobeh
 12630 | D:12     | Reached skill level 1 in Dodging
 12645 | D:12     | Reached skill level 1 in Armour
 12645 | D:12     | Reached skill level 18 in Unarmed Combat
 13321 | D:13     | Received a gift from Nemelex Xobeh
 13431 | D:13     | Found a shimmering blue altar of Sif Muna.
 14205 | D:14     | Found a gate to the Vaults.
 14356 | D:14     | Received a gift from Nemelex Xobeh
 14549 | D:14     | Acquired a manual of Invocations
 14634 | D:13     | Paralysed by an ogre mage for 7 turns
 14961 | Lair:1   | Entered Level 1 of the Lair of Beasts
 14961 | Lair:1   | Received a gift from Nemelex Xobeh
 15056 | Lair:1   | Reached skill level 5 in Fighting
 15208 | Lair:1   | Got the Reference Book on Air
 15507 | Lair:1   | Reached skill level 19 in Unarmed Combat
 15904 | Lair:2   | Reached XP level 14. HP: 87/98 MP: 21/21
 15965 | Lair:2   | Received a gift from Nemelex Xobeh
 16397 | Lair:2   | Found a hole to the Spider Nest.
 16792 | Lair:3   | Received a gift from Nemelex Xobeh
 16905 | Lair:3   | Reached skill level 5 in Armour
 16964 | Lair:3   | Reached ****** piety under Nemelex Xobeh
 16990 | Lair:3   | Found a staircase to the Shoals.
 17385 | Lair:3   | Received a gift from Nemelex Xobeh
 17604 | Lair:4   | Found a frozen archway.
 17711 | IceCv    | Entered an ice cave
 17960 | IceCv    | Noticed an azure jelly
 17964 | IceCv    | Noticed an azure jelly
 17975 | IceCv    | Killed an azure jelly
 17985 | IceCv    | Found a viscous altar of Jiyva.
 17998 | IceCv    | Killed an azure jelly
 18039 | IceCv    | Got Mifohill's Almanac of the Frostbite
 18049 | IceCv    | Identified the ring "Ymmel" {rPois EV+4}
 18053 | IceCv    | Identified the +0 pair of gloves of Greed {rPois rN+
                  | Regen+}
 18174 | IceCv    | Noticed a quicksilver ooze
 18182 | IceCv    | Killed a quicksilver ooze
 18361 | Lair:4   | Reached skill level 20 in Unarmed Combat
 18467 | Lair:4   | Received a gift from Nemelex Xobeh
 18964 | Lair:4   | Received a gift from Nemelex Xobeh
 19190 | Lair:5   | Reached skill level 5 in Dodging
 19315 | Lair:5   | Found a burning altar of Makhleb.
 19440 | Lair:5   | Gained mutation: You have very sharp fingernails. [demonic
                  | ancestry]
 19440 | Lair:5   | Reached XP level 15. HP: 79/112 MP: 24/24
 19778 | Lair:5   | Found a viscous altar of Jiyva.
 19779 | Lair:5   | Found a staircase to the Slime Pits.
 19846 | Lair:6   | Entered Level 6 of the Lair of Beasts
 19855 | Lair:6   | Paralysed by a floating eye for 2 turns
 19864 | Lair:6   | Paralysed by a floating eye for 2 turns
 19871 | Lair:6   | Paralysed by a floating eye for 2 turns
 19879 | Lair:6   | Paralysed by a floating eye for 3 turns
 19965 | Lair:6   | Received a gift from Nemelex Xobeh
 20128 | Lair:6   | Reached skill level 10 in Fighting
 20247 | Lair:6   | Reached skill level 15 in Invocations
 20325 | Lair:6   | Received a gift from Nemelex Xobeh
 20675 | Lair:6   | Found a large runed translucent door.
 20676 | Lair:6   | Found a large runed translucent door.
 21457 | Orc:1    | Entered Level 1 of the Orcish Mines
 21610 | Orc:1    | Received a gift from Nemelex Xobeh
 21900 | Orc:2    | Entered Level 2 of the Orcish Mines
 21900 | Orc:2    | Found a staircase to the Elven Halls.
 21901 | Orc:2    | Noticed an orc warlord
 21903 | Orc:2    | Noticed Rupert
 21904 | Orc:2    | Identified the -2 quarterstaff of Deflation {flame, Drain
                  | rF- rN+ Int+8 Dex+10}
 21914 | Orc:2    | Killed an orc warlord
 21914 | Orc:2    | Killed Rupert
 22328 | Orc:1    | Received a gift from Nemelex Xobeh
 22602 | Orc:2    | Found Cacrugef's Book Emporium.
 22651 | Orc:2    | Found Dipoab's Magic Scroll Shoppe.
 22657 | Orc:2    | Bought a scroll of magic mapping for 45 gold pieces
 22662 | Orc:2    | Paralysed by an orc sorcerer for 6 turns
 22682 | Orc:2    | Found a radiant altar of Vehumet.
 22694 | Orc:2    | Paralysed by something for 6 turns
 22724 | Orc:2    | Found Mar Too's Antique Armour Shoppe.
 22742 | Orc:2    | Found an ancient bone altar of Kikubaaqudgha.
 22756 | Orc:2    | Paralysed by an orc sorcerer for 2 turns
 22795 | Orc:2    | Found Refeseps's Magic Scroll Shoppe.
 22843 | Orc:2    | Received a gift from Nemelex Xobeh
 22874 | Orc:2    | Bought a manual of Dodging for 1040 gold pieces
 23128 | Spider:1 | Entered Level 1 of the Spider Nest
 23193 | Spider:1 | Noticed Josephine
 23208 | Spider:1 | Reached XP level 16. HP: 71/122 MP: 29/29
 23214 | Spider:1 | Killed Josephine
 23448 | Spider:1 | Reached skill level 21 in Unarmed Combat
 23762 | Spider:1 | Received a gift from Nemelex Xobeh
 24481 | Spider:2 | Noticed Agnes
 24491 | Spider:2 | Killed Agnes
 24885 | Spider:2 | Received a gift from Nemelex Xobeh
 25329 | Spider:2 | Received a gift from Nemelex Xobeh
 25999 | Spider:3 | Received a gift from Nemelex Xobeh
 27086 | Spider:4 | Entered Level 4 of the Spider Nest
 27204 | Spider:4 | Reached skill level 22 in Unarmed Combat
 27379 | Spider:4 | Gained mutation: You sometimes emit foul miasma when
                  | damaged in melee. [demonic ancestry]
 27379 | Spider:4 | Reached XP level 17. HP: 57/129 MP: 31/31
 27394 | Spider:4 | Received a gift from Nemelex Xobeh
 27914 | Spider:4 | Identified the -2 hand axe of Apsonn {speed, Fly Dex+4}
 28201 | Spider:4 | Got a gossamer rune of Zot
 28490 | Shoals:1 | Entered Level 1 of the Shoals
 28906 | D:9      | Killed bmj180's ghost
 29086 | D:7      | Killed Crazy Yiuf
 29479 | D:6      | Bought the ring of the Endless Expanse {rElec rF+ rC+ Dex+6
                  | Slay-5} for 982 gold pieces
 29835 | D:14     | Received a gift from Nemelex Xobeh
 30023 | D:14     | Noticed Frances
 30034 | D:14     | Killed Frances
 30413 | D:15     | Entered Level 15 of the Dungeon
 30723 | D:15     | Reached skill level 23 in Unarmed Combat
 30787 | D:15     | Received a gift from Nemelex Xobeh
 30844 | D:15     | Found a staircase to the Depths.
 30950 | D:15     | Found Mur Ohom's General Store.
 30953 | D:15     | Found Toym's Specific Store.
 30981 | D:15     | Found a hazy altar of Hepliaklqana.
 31255 | D:15     | Found Elien's General Store.
 31648 | Shoals:1 | Reached skill level 10 in Dodging
 31772 | Shoals:1 | Found Perghue Arig's Assorted Antiques.
 31823 | Shoals:1 | Found Onaoch's Weapon Shoppe.
 31828 | Shoals:1 | Received a gift from Nemelex Xobeh
 31902 | Shoals:1 | Found Axtekk's General Store.
 32035 | Shoals:1 | Found Ucoetumirgh's Antique Armour Emporium.
 32303 | Shoals:2 | Noticed Ilsuiw
 32308 | Shoals:2 | Found a runed translucent gate.
 32308 | Shoals:2 | Found a runed translucent gate.
 32308 | Shoals:2 | Found a runed translucent gate.
 32319 | Shoals:2 | Killed Ilsuiw
 32415 | Shoals:2 | Received a gift from Nemelex Xobeh
 32442 | Shoals:2 | Gained mutation: You have claws for hands. [demonic
                  | ancestry]
 32442 | Shoals:2 | Reached XP level 18. HP: 76/138 MP: 32/32
 32694 | Shoals:2 | Identified the +5 plate armour of Context {rC+ Will+}
 32698 | Shoals:2 | Identified the +1 ring mail "Reratacvea" {Will+}
 33319 | Shoals:2 | Acquired 731 gold pieces
 33450 | Shoals:3 | Identified the +1 scale mail "Woumago" {Contam Rampage +Inv
                  | rPois}
 35264 | Shoals:4 | Entered Level 4 of the Shoals
 35264 | Shoals:4 | Received a gift from Nemelex Xobeh
 35568 | Shoals:4 | Reached skill level 24 in Unarmed Combat
 36699 | Shoals:4 | Got a barnacled rune of Zot
 37584 | Vaults:1 | Entered Level 1 of the Vaults
 37605 | Vaults:1 | Received a gift from Nemelex Xobeh
 37710 | Vaults:1 | Cast into level 2 of the Abyss (ironbound preserver)
 37956 | Vaults:1 | Escaped the Abyss
 37993 | Vaults:1 | Found a flickering gateway to a bazaar.
 38001 | Bazaar   | Entered a bazaar
 38001 | Bazaar   | Found Cisukhla's Antique Weapon Boutique.
 38001 | Bazaar   | Found Xiucug's Assorted Antiques.
 38001 | Bazaar   | Received a gift from Nemelex Xobeh
 38001 | Bazaar   | Found Ostutya's Assorted Antiques.
 38001 | Bazaar   | Found Nawym's Antique Armour Shoppe.
 38004 | Bazaar   | Found Rouhi's General Store.
 38004 | Bazaar   | Found Timugih's Magic Scroll Emporium.
 38039 | Bazaar   | Bought a crude scale mail for 144 gold pieces
 38039 | Bazaar   | Identified the +3 scale mail of the Assorted Ships {Contam
                  | Dex+9} (You bought it in a shop in a bazaar)
 38042 | Bazaar   | Bought an ichor-stained robe for 142 gold pieces
 38042 | Bazaar   | Identified the +2 robe of Qoemuedgh {rElec rPois rF+} (You
                  | bought it in a shop in a bazaar)
 38184 | Vaults:1 | Found a runed translucent door.
 38185 | Vaults:1 | Noticed Ofamn's ghost (adept DjVM)
 38199 | Vaults:1 | Killed Ofamn's ghost
 38443 | Vaults:1 | Gained mutation: You frequently emit foul miasma when
                  | damaged in melee. [demonic ancestry]
 38443 | Vaults:1 | Reached XP level 19. HP: 104/145 MP: 33/33
 38547 | Vaults:1 | Received a gift from Nemelex Xobeh
 38818 | Vaults:1 | Reached skill level 25 in Unarmed Combat
 39152 | Vaults:1 | Received a gift from Nemelex Xobeh
 39439 | Vaults:2 | Identified the +6 plate armour of Repulsion {*Slow rN+
                  | Str+9}
 39552 | Vaults:2 | Received a gift from Nemelex Xobeh
 39862 | Vaults:2 | Received a gift from Nemelex Xobeh
 40534 | Vaults:2 | Reached skill level 10 in Armour
 40638 | Vaults:3 | Reached skill level 26 in Unarmed Combat
 40746 | Vaults:3 | Noticed Saint Roka
 40770 | Vaults:3 | Killed Saint Roka
 41077 | Vaults:3 | Received a gift from Nemelex Xobeh
 41085 | Vaults:3 | Found a staircase to the Crypt.
 41188 | Vaults:3 | Reached XP level 20. HP: 99/153 MP: 34/34
 41660 | Vaults:3 | Reached skill level 27 in Unarmed Combat
 42380 | Vaults:3 | Noticed Mennas
 42415 | Vaults:3 | Killed Mennas
 42633 | Vaults:4 | Reached skill level 5 in Throwing
 42862 | Vaults:4 | Received a gift from Nemelex Xobeh
 42964 | Vaults:4 | Noticed Frederick
 42975 | Vaults:4 | Killed Frederick
 43229 | Vaults:4 | Gained mutation: Your body sometimes deteriorates upon
                  | taking damage. [a shining eye]
 43289 | Vaults:4 | Received a gift from Nemelex Xobeh
 43299 | Vaults:4 | Gained mutation: You regenerate a lot of health from kills.
                  | [demonic ancestry]
 43299 | Vaults:4 | Reached XP level 21. HP: 144/165 MP: 35/35
 44320 | Elf:1    | Entered Level 1 of the Elven Halls
 44327 | Elf:1    | Reached skill level 15 in Fighting
 44499 | Elf:1    | Received a gift from Nemelex Xobeh
 44703 | Elf:1    | Found a runed translucent gate.
 44703 | Elf:1    | Found a runed translucent gate.
 44703 | Elf:1    | Found a runed translucent gate.
 44703 | Elf:1    | Found a runed translucent gate.
 44705 | Elf:1    | Found a runed translucent gate.
 44706 | Elf:1    | Found a runed translucent gate.
 44792 | Elf:1    | Received a gift from Nemelex Xobeh
 44978 | Elf:1    | Paralysed by an air elemental for 1 turns
 45091 | Elf:1    | Received a gift from Nemelex Xobeh
 45198 | Elf:1    | Found Tuqequz's Antique Armour Emporium.
 45202 | Elf:1    | Bought a spiked ring mail for 279 gold pieces
 45202 | Elf:1    | Identified the +5 ring mail "Qoasuerph" {rN+ Str-4 Dex+8}
                  | (You bought it in a shop on level 1 of the Elven Halls)
 45424 | Elf:2    | Paralysed by an air elemental for 1 turns
 45430 | Elf:2    | Paralysed by an air elemental for 1 turns
 45437 | Elf:2    | Paralysed by an air elemental for 1 turns
 45565 | Elf:2    | Found a runed translucent gate.
 45565 | Elf:2    | Found a runed translucent gate.
 45565 | Elf:2    | Found a runed translucent gate.
 45649 | Elf:2    | Received a gift from Nemelex Xobeh
 45691 | Elf:2    | Paralysed by an air elemental for 1 turns
 46439 | Elf:3    | Entered Level 3 of the Elven Halls
 46652 | Elf:3    | Paralysed by an air elemental for 1 turns
 46862 | Elf:3    | Noticed Nikola
 46866 | Elf:3    | Noticed Nikola
 46866 | Elf:3    | Nikola changed into Nikola the iron dragon
 46874 | Elf:3    | Killed Nikola the iron dragon
 47384 | Elf:3    | Gained mutation: Your magical and physical power is
                  | slightly enhanced at high health. [demonic ancestry]
 47384 | Elf:3    | Reached XP level 22. HP: 99/176 MP: 36/36
 47409 | Elf:3    | Identified the amulet "Yghofit" {RegenMP rC+ Will+}
 47433 | Elf:3    | Received a gift from Nemelex Xobeh
 47555 | Elf:3    | Reached skill level 10 in Throwing
 47606 | Elf:3    | Identified the +5 robe of Whack-A-Mole {rN+}
 47917 | Elf:3    | Got the Incunabulum of Unholy Transmigration
 48305 | Depths:1 | Entered Level 1 of the Depths
 48427 | Depths:1 | Noticed Asterion
 48664 | Depths:1 | Killed Asterion
 48848 | Depths:1 | Found a viscous altar of Jiyva.
 48972 | Depths:1 | Found a one-way gate leading to the halls of Pandemonium.
 49615 | Depths:1 | Found a gateway to Hell.
 49683 | Depths:1 | Reached skill level 1 in Evocations
 49760 | Depths:1 | Noticed a juggernaut
 49785 | Depths:1 | Killed a juggernaut
 50059 | Depths:1 | Noticed a caustic shrike
 50064 | Depths:1 | Killed a caustic shrike
 50312 | Depths:2 | Noticed a juggernaut
 50326 | Depths:2 | Killed a juggernaut
 50429 | Depths:2 | Received a gift from Nemelex Xobeh
 50676 | Depths:2 | Noticed an ancient lich
 50916 | Depths:2 | Gained mutation: Your magical and physical power is
                  | enhanced at high health. [demonic ancestry]
 50916 | Depths:2 | Reached XP level 23. HP: 98/150 MP: 38/38
 51270 | Vaults:5 | Entered Level 5 of the Vaults
 51365 | Vaults:5 | Noticed an ancient lich
 51480 | Vaults:5 | Killed an ancient lich
 51561 | Vaults:5 | Reached skill level 5 in Evocations
 51611 | Vaults:5 | Noticed an ancient lich
 51621 | Vaults:5 | Killed an ancient lich
 51816 | Vaults:5 | Identified the ring of Pucw {Fly rElec rN++ MP+9}
 51839 | Vaults:5 | Noticed a dread lich
 51854 | Vaults:5 | Killed a dread lich
 51900 | Vaults:5 | Received a gift from Nemelex Xobeh
 52122 | Vaults:5 | Found Techuiv's Antique Armour Shoppe.
 52140 | Vaults:5 | Bought a scorched chain mail for 323 gold pieces
 52140 | Vaults:5 | Identified the +8 chain mail of Zuud {rC+ rCorr} (You
                  | bought it in a shop on level 5 of the Vaults)
 52329 | Vaults:5 | Received a gift from Nemelex Xobeh
 52367 | Vaults:5 | Noticed a dread lich
 52381 | Vaults:5 | Killed a dread lich
 52460 | Vaults:5 | Got a silver rune of Zot
 52463 | Vaults:5 | Identified the +0 scale mail of Words of Power {-Tele +Inv
                  | rN+ Str+3}
 52472 | Vaults:5 | Identified the +4 scale mail of the Forest {+Inv rPois}
 52540 | Vaults:5 | Identified the +2 pair of gloves of Guis {rCorr Dex+4 SInv}
 52613 | Vaults:5 | Received a gift from Nemelex Xobeh
 52875 | Vaults:5 | Noticed a dread lich
 52889 | Vaults:5 | Killed a dread lich
 52890 | Vaults:5 | Reached XP level 24. HP: 209/212 MP: 38/38
 53358 | Depths:2 | You fall into a shaft and drop 1 floor!
 53358 | Depths:3 | Found Niyfogir's Jewellery Shoppe.
 53358 | Depths:3 | Found Dusmadda's Book Shop.
 53358 | Depths:3 | Found Ikaet's Jewellery Shoppe.
 53365 | Depths:3 | Bought the ring "Suowoexes" {rElec rN+ Will+ Str-3 Slay+4}
                  | for 1910 gold pieces
 53726 | Depths:3 | Received a gift from Nemelex Xobeh
 53727 | Depths:3 | Found an iron altar of Okawaru.
 53758 | Depths:3 | Identified the +1 hand axe "kipponium's Peril" {flame,
                  | Str+7}
 53883 | Depths:3 | Found a one-way gate to the infinite horrors of the Abyss.
 53946 | Depths:3 | Found a transporter.
 53950 | Depths:3 | Found a corrupted altar of Lugonu.
 54163 | Depths:3 | Found a gateway to a ziggurat.
 54362 | Depths:2 | Killed an ancient lich
 54433 | Depths:2 | Got Zubaoj's Papyrus of Unholy Magic
 54708 | Depths:2 | Received a gift from Nemelex Xobeh
 55134 | Depths:3 | Found a transporter.
 55196 | Depths:3 | Identified the amulet of Haemup {RegenMP Harm Fragile rF-
                  | MP+9}
 55203 | Depths:3 | Acquired 830 gold pieces
 55275 | Depths:4 | Entered Level 4 of the Depths
 55712 | Depths:4 | Found an ancient bone altar of Kikubaaqudgha.
 55825 | Depths:4 | Found Banesomp's Weapon Shop.
 56424 | Depths:4 | Found a gate to the Realm of Zot.
 57832 | Zot:1    | Entered Level 1 of the Realm of Zot
 58060 | Zot:1    | Received a gift from Nemelex Xobeh
 58143 | Zot:1    | Reached XP level 25. HP: 225/225 MP: 39/39
 58171 | Zot:1    | Found a transporter.
 58183 | Zot:1    | Noticed Zuol's ghost (legendary DsDe)
 58204 | Zot:1    | Noticed yegreS's ghost (adept MiFi)
 58216 | Zot:1    | Noticed an orb of fire
 58223 | Zot:1    | Found a transporter.
 58842 | Zot:1    | Received a gift from Nemelex Xobeh
 59492 | Zot:2    | Reached skill level 10 in Evocations
 59760 | Zot:2    | Received a gift from Nemelex Xobeh
 59835 | Zot:2    | Noticed a Killer Klown
 59844 | Zot:2    | Killed a Killer Klown
 61190 | Zot:3    | Acquired a manual of Necromancy
 61196 | Zot:3    | Received a gift from Nemelex Xobeh
 61570 | Zot:4    | Received a gift from Nemelex Xobeh
 61885 | Zot:4    | Reached XP level 26. HP: 214/236 MP: 39/39
 62001 | Zot:4    | Identified the +0 cloak of the Stallion {rElec rF+ rN+++
                  | Dex-5}
 62528 | Zot:4    | Identified the ring "Ceuj" {Fly rC+}
 62585 | Zot:4    | Received a gift from Nemelex Xobeh
 62809 | Zot:5    | Entered Level 5 of the Realm of Zot
 62866 | Zot:5    | Noticed Teosch's ghost (legendary DrCj)
 62866 | Zot:5    | Found a runed translucent gate.
 62866 | Zot:5    | Found a runed translucent gate.
 62882 | Zot:5    | Reached skill level 15 in Armour
 62902 | Zot:5    | Found a runed translucent gate.
 62963 | Zot:5    | Noticed an ancient lich
 62963 | Zot:5    | Noticed an orb of fire
 62963 | Zot:5    | Noticed an orb of fire
 62967 | Zot:5    | Noticed an orb of fire
 62969 | Zot:5    | Noticed an orb of fire
 62972 | Zot:5    | Noticed an orb of fire
 62975 | Zot:5    | Noticed an orb of fire
 63197 | Zot:4    | Gained mutation: Your body often deteriorates upon taking
                  | damage. [an orb of fire]
 63199 | Zot:4    | Killed an ancient lich
 63200 | Zot:4    | Gained mutation: Your spells are a little easier to cast,
                  | but a little less powerful. [an orb of fire]
 63212 | Zot:4    | Killed an orb of fire
 63256 | Zot:5    | Gained mutation: Armour fits poorly on your strangely
                  | shaped body. [an orb of fire]
 63260 | Zot:4    | Gained mutation: Your magical capacity is low. (-10% MP)
                  | [an orb of fire]
 63265 | Zot:4    | Killed an orb of fire
 63380 | Zot:5    | Noticed an ancient lich
 63385 | Zot:5    | Gained mutation: You have hidden genetic defects. [an orb
                  | of fire]
 63386 | Zot:5    | Noticed an orb of fire
 63390 | Zot:5    | Gained mutation: You do not regenerate when monsters are
                  | visible. [an orb of fire]
 63397 | Zot:4    | Gained mutation: You are weak. (Str -2) [an orb of fire]
 63402 | Zot:4    | Killed an orb of fire
 63412 | Zot:4    | Killed from afar by an orb of fire

Illustrated notes

Levels and vault maps discovered:
D:1:      matt_arrival_diagonals, layout_rooms, serial_forest,
          infiniplex_forest_end_3, infiniplex_forest_lined_2,
          infiniplex_forest_join, infiniplex_forest_join,
          infiniplex_forest_fountain, infiniplex_forest_straight_1,
          infiniplex_forest_clump_curved
D:2:      layout_rooms, minmay_misc_feat_square, uniq_robin
D:3:      layout_rooms, ebering_ecumenical_altar_rust, hex_medium
D:4:      layout_cave_pools, lemuel_crystal_altar,
          minmay_temple_entry_gardened_gates, gup_sewer_entry_bubbles
D:5:      layout_rooms, serial_corexii_hall, corexii_hall_statues_i,
          chequers_hall_statues_wall_a, minmay_manual_macuahuitl, uniq_pikel
D:6:      kennysheep_steamy, layout_basic, serial_shops,
          nicolae_shop_temple_entry_statues_fountains
D:7:      minmay_blocky_corners, layout_loops_ring, uniq_menkaure,
          uniq_crazy_yiuf_cottage, uniq_harold, uniq_maggie
D:8:      layout_basic
D:9:      layout_basic, ebering_ghost_rock_garden, disabler_island
D:10:     kennysheep_kobold_lugonu_temple, layout_cave_pools,
          david_lair_generic, nicolae_trove_entry_isolated, uniq_grum
D:11:     lemuel_ice_spiral_2, layout_basic, nicolae_qazlal_eye_of_the_storm,
          uniq_snorg
D:12:     layout_layer_cave, minmay_orc_entry_guard_dogs, gauntlet_entry_generic
D:13:     layout_basic, led_sif_book
D:14:     layout_stronghold, lightli_vaults_fourway_checkpoint,
          nicolae_lava_and_water, uniq_frances
D:15:     grunt_enter_depths_hoard, layout_gridville, serial_shops,
          nicolae_shop_trees, nicolae_hepliaklqana_hazy_memory,
          nicolae_specific_store
Temple:   compressed_dpeg_circular_temple
Lair:1:   layout_roguey [special_room_bee], lemuel_fruit_fields,
          grunt_megastairs_2
Lair:2:   layout_small_grid, spider_nest_entry_webs, serial_bayou_shore_a,
          grunt_megastairs_4
Lair:3:   layout_roguey, minmay_shoals_entry_centaurs, evilmike_ambush
          [evilmike_ambush_outer_basic, evilmike_ambush_inner_basic]
Lair:4:   layout_gridlike, portal_ice_cave_entry_ice_simulacra
Lair:5:   layout_roguey, dpeg_slime_entry_enclosed_altar, basic_altar,
          chequers_serial_rivers_micro_e
Lair:6:   cheibrodos_lair_end_hotspot, layout_gridlike, lemuel_fruit_tree,
          serial_bayou_shore_b
Shoals:1: layout_shoals, serial_shops, shop, nicolae_shop_overgrown_old_shop,
          nicolae_lakefront_shop, shop
Shoals:2: layout_shoals, nicolae_shoals_beach_cooler, uniq_ilsuiw
Shoals:3: layout_shoals, nicolae_shoals_beach_house_on_fowls_legs
Shoals:4: shoals_end_simple, layout_shoals, nicolae_shoals_lost_giant_baths
Spider:1: layout_chambers, uniq_josephine
Spider:2: layout_chambers, uniq_agnes
Spider:3: layout_spider_delve, nicolae_spider_circle_web
Spider:4: grunt_spider_rune_parallel
Orc:1:    layout_caves, basic_altar, nicolae_orc_stony_grotto
Orc:2:    kennysheep_orc_mage_school, layout_caves, mines_bat_river, uniq_rupert
Elf:1:    minmay_elf_arrival_summoners, layout_geoelf_grid, serial_shops, shop,
          orc_legates, nicolae_elf_deep_friendship
Elf:2:    nicolae_elf_blades_splatter_lattice
          [nicolae_blade_entry_area_security], layout_geoelf_grid,
          grunt_megastairs_3
Elf:3:    elf_hall, layout_onion_city, uniq_nikola
Vaults:1: hellmonk_ghost_happy_afterlife, v_rooms_6,
          vaults_room_grunt_arrival_checkpoint, hangedman_vaults_trim,
          hangedman_vaults_locks, vaults_room_octagon, v_misc_29,
          vaults_room_pool, nicolae_vaults_little_squares_1, vaults_room_fours,
          grunt_vaults_hallway_short, nicolae_vaults_shelves_hall,
          layout_vaults_chaotic_city, serial_shops, freezing_bzr
Vaults:2: v_misc_24, nicolae_vaults_border_crossing, ontoclasm_vaults_fault,
          nicolae_vaults_network_star, v_misc_8, v_misc_8, vaults_dpeg_ring,
          v_pattern_5, layout_vaults_omnigrid, uniq_margery
Vaults:3: grunt_vaults_diagonal, minmay_crypt_entry_simple_corners, v_rooms_2,
          nicolae_vaults_big_ls, v_misc_3, v_misc_2, ontoclasm_vaults_eye,
          vaults_dpeg_doors, hangedman_vaults_stagger,
          ontoclasm_vaults_ring_large, nicolae_vaults_circle_grid_b,
          layout_vaults_maze_bifur, uniq_mennas, uniq_saint_roka
Vaults:4: v_rooms_1, hangedman_vaults_variations, hangedman_vaults_restitches,
          ontoclasm_vaults_shuriken, v_pattern_3, nicolae_vaults_an_arrangement,
          v_misc_14, nicolae_vaults_ring_of_whatevers,
          vaults_standard_mumra_enter_the_diamond, ontoclasm_vaults_gateway,
          layout_vaults_ring, uniq_frederick
Vaults:5: serial_shops
Depths:1: cell_vault, layout_gridville, grunt_pan_entry_spiral, hell_entry,
          serial_sigils_hangedman_etch, special_room [special_room_jelly],
          kennysheep_generic_room_5, uniq_asterion
Depths:2: kennysheep_large_spiral, layout_gridville, grunt_mini_vestibule,
          grunt_pan_entry_sceptre, special_room [special_room_morgue],
          kennysheep_another_room, kennysheep_decorative_pillar,
          infiniplex_staircase_pillars_1
Depths:3: gammafunk_corrupted_shrine, layout_gridlike, enter_ziggurat_f,
          abyss_entry_crystal, pf_hell_entry_tar_river,
          okawaru_ov_weapons_minmay, minmay_shop_grove
Depths:4: grunt_zot_entry_gee_three, layout_twisted_cross,
          kiku_gazebo_garden_becter, hell_entry, minmay_shop_star
Zot:1:    layout_gridlike, nzn_ghost_randoct, hangedman_zot_spectrum
Zot:2:    layout_gridlike
Zot:3:    layout_cellular_growth
Zot:4:    minmay_elemental_castle, layout_basic
Zot:5:    layout_cathedral_of_symmetry, ebering_ghost_rock_garden

Skill      XL: |  1  2  3  4  5  6  7  8  9 10 11 12 13 14 15 16 17 18 19 20 21 22 23 24 25 26 |
---------------+-------------------------------------------------------------------------------+-----
Short Blades   | 2 |  2.5
Unarmed Combat | 1 2 3 5 6 9 10 12 15 17 19 20 22 23 24 26 27 | 27.0
Invocations    | 9 10 13 19 20 21 22 23 24 25 | 25.7
Dodging        | 3 5 7 10 | 10.0
Armour         | 4 5 6 8 10 14 15 | 15.9
Fighting       | 5 8 10 11 12 14 17 20 22 24 25 | 25.7
Throwing       | 7 9 10 | 10.0
Evocations     | 3 6 9 10 | 10.0
Stealth        | |  3.6

Action                   |  1- 3 |  4- 6 |  7- 9 | 10-12 | 13-15 | 16-18 | 19-21 | 22-24 | 25-27 || total
-------------------------+-------+-------+-------+-------+-------+-------+-------+-------+-------++-------
Melee: Dagger            |    24 |       |       |       |       |       |       |       |       ||    24
       Unarmed           |   192 |   204 |   292 |   398 |  1369 |  1416 |  1448 |  1569 |   810 ||  7698
       Punch             |     1 |     3 |     8 |    34 |   178 |   220 |   181 |   210 |    83 ||   918
Throw: Dart              |     3 |    36 |    20 |     6 |    14 |    45 |     2 |     8 |    18 ||   152
       Throwing net      |       |       |       |     1 |       |       |       |       |       ||     1
       Javelin           |       |       |       |       |     2 |       |       |       |    13 ||    15
Invok: Draw Destruction  |       |       |       |     8 |    28 |    41 |    31 |    19 |    21 ||   148
       Draw Summoning    |       |       |       |     4 |     6 |    17 |    16 |     9 |     4 ||    56
       Draw Escape       |       |       |       |     1 |     4 |     5 |     6 |     5 |     1 ||    22
       Deal Four         |       |       |       |       |     1 |       |     1 |       |       ||     2
       Triple Draw       |       |       |       |       |     1 |     1 |     1 |     1 |       ||     4
       Stack Five        |       |       |       |       |       |     1 |     1 |       |       ||     2
       Draw Stack        |       |       |       |       |       |     5 |     4 |     1 |       ||    10
Evoke: Wand              |       |       |       |       |     3 |       |     3 |     3 |     4 ||    13
       Condenser vane    |       |       |       |       |       |       |     1 |     4 |     2 ||     7
       Lightning rod     |       |       |       |       |       |       |       |     8 |       ||     8
       Tin of tremorston |       |       |       |       |       |       |       |     4 |       ||     4
  Use: Potion            |     2 |     2 |     4 |     6 |     5 |    12 |     5 |     7 |     3 ||    46
       Scroll            |       |     9 |     2 |    13 |     8 |     7 |     2 |    16 |     4 ||    61
 Stab: Sleeping          |     5 |     5 |     4 |     4 |    15 |     7 |       |       |       ||    40
       Distracted        |     1 |       |       |       |     4 |     8 |     1 |       |     1 ||    15
       Invisible         |       |       |     1 |       |       |       |       |       |       ||     1
       Petrified         |       |       |       |       |     3 |       |     4 |       |       ||     7
       Held in net/web   |       |       |       |       |     1 |     1 |       |       |       ||     2
       Petrifying        |       |       |       |       |     1 |     1 |       |       |       ||     2
       Confused          |       |       |       |       |       |       |       |     7 |       ||     7
Armor: Robe              |    60 |    52 |    41 |       |       |       |       |       |       ||   153
       Skin              |     9 |     1 |     3 |       |       |       |       |       |       ||    13
       Swamp dragon scal |       |       |    16 |    14 |   163 |       |       |       |       ||   193
       Steam dragon scal |       |       |    10 |       |       |       |       |       |       ||    10
       Leather armour    |       |       |       |   136 |   345 |   393 |       |       |       ||   874
       Plate armour      |       |       |       |       |       |   267 |   725 |   662 |       ||  1654
       Gold dragon scale |       |       |       |       |       |       |       |    48 |   599 ||   647
Dodge: Dodged            |   111 |    96 |   117 |   179 |   763 |   980 |   529 |   453 |   141 ||  3369

Table legend: (Time is in decaauts)
 A = Elapsed time spent in this place.
 B = Non-inter-level travel time spent in this place.
 C = Inter-level travel time spent in this place.
 D = Time resting spent in this place.
 E = Time spent auto-exploring this place.
 F = Levels seen in this place.
 G = Mean time per level.
                   A        B        C        D        E       F      G
               +--------+--------+--------+--------+--------+-----+--------+
         Total |  60917 |  55355 |   5562 |   7947 |  27340 |  55 | 1107.6 |
       Dungeon |  17106 |  14935 |   2171 |   2459 |   7703 |  15 | 1140.4 |
        Temple |     24 |     20 |      4 |      0 |      0 |   1 |   24.0 |
          Lair |   5821 |   5342 |    479 |    372 |   3398 |   6 |  970.2 |
        Shoals |   5741 |   5437 |    304 |    897 |   2799 |   4 | 1435.2 |
   Spider Nest |   5063 |   4817 |    246 |    557 |   2924 |   4 | 1265.8 |
  Orcish Mines |   1544 |   1467 |     77 |      3 |    974 |   2 |  772.0 |
   Elven Halls |   3881 |   3398 |    483 |    377 |   1208 |   3 | 1293.7 |
        Vaults |   8008 |   7195 |    813 |    914 |   3557 |   5 | 1601.6 |
        Depths |   5831 |   5216 |    615 |    956 |   1941 |   4 | 1457.8 |
           Zot |   5180 |   4813 |    367 |    870 |   2251 |   5 | 1036.0 |
         Abyss |    225 |    225 |      0 |     37 |      0 |   1 |  225.0 |
        Bazaar |     50 |     50 |      0 |      0 |      0 |   1 |   50.0 |
         Trove |     94 |     94 |      0 |      0 |      0 |   1 |   94.0 |
         Sewer |   1197 |   1197 |      0 |    244 |    453 |   1 | 1197.0 |
      Ice Cave |    522 |    522 |      0 |    159 |    107 |   1 |  522.0 |
      Gauntlet |    621 |    621 |      0 |    101 |     21 |   1 |  621.0 |
               +--------+--------+--------+--------+--------+-----+--------+

Top non-repeatable levels by time:
Depths:1: 1861 daAuts
    D:12: 1829 daAuts
Shoals:4: 1798 daAuts
Vaults:3: 1773 daAuts
   Elf:3: 1705 daAuts
Vaults:5: 1686 daAuts
Vaults:4: 1685 daAuts
   Zot:4: 1643 daAuts
Depths:2: 1593 daAuts
    D:14: 1498 daAuts
     D:2: 1486 daAuts
     D:7: 1482 daAuts
Shoals:2: 1448 daAuts
Vaults:1: 1447 daAuts
Shoals:3: 1435 daAuts
